Workbook

Sheet 1. Project Title
B3: BUDGET NARRATIVE
B5: 1. PROJECT TITLE: Add project title
B6: BUDGET SUMMARY PAGE
B7: BUDGET CATEGORIES | G7: INDIRECT COSTS | H7: TOTAL FUNDS SUBTOTALS | I7: TOTALS
B8: 2. Personnel Salaries, Wages, & Fringe Benefits | G8: =H8*6.7% -> 0 | H8: ='2. Salaries, Wages and Benefits'!L21 -> 0 | I8: =SUM(G8:H8) -> 0
B9: 3. Travel | G9: =H9*6.7% -> 0 | H9: ='3. Travel'!J26 -> 0 | I9: =SUM(G9:H9) -> 0
B10: 4. Equipment | G10: 0 | H10: ='4. Equipment'!E26 -> 0 | I10: =SUM(G10:H10) -> 0
B11: 5. Supplies | G11: =H11*6.7% -> 0 | H11: ='5. Supplies'!D21 -> 0 | I11: =SUM(G11:H11) -> 0
B12: 6. Contractual (Purchased Services) | G12: =H12*6.7% -> 0 | H12: ='6. Contractual'!E26 -> 0 | I12: =SUM(G12:H12) -> 0
B13: 7. Other | G13: =H13*6.7% -> 0 | H13: ='7. Other Direct Costs '!E22 -> 0 | I13: =SUM(G13:H13) -> 0
B14: Indirect Cost Rate: | E14: Subtotals | G14: =SUM(G8:G13) -> 0 | H14: =SUM(H8:H13) -> 0 | I14: =G14+H14 -> 0
B15: 0.067 | E15: Grand Total: | I15: =SUM(I8:I13) -> 0
B17: NOTE: For a use of funds to be permitted, the grantee must determine if that activity is allowable under Stronger Connections – i.e., (1) authorized under section 4108 of the ESEA; (2) reasonable and necessary for the performance of the grant; (3) allocable to the grant; (4) supplements, and does not supplant other non-Federal funds that would otherwise be used to pay for authorized activities; (5) not one of the prohibited activities in ESEA section 4001(b) or section 8526; and (6) consistent with any other applicable Uniform Guidance provisions (see 2 CFR 200 et seq., in particular 2 CFR Part 200, Subpart E). They should also be clearly aligned with the “Project Narrative.” DO NOT Type in the summary page. Columns G, H, and I have formulas.

Sheet 2. Salaries, Wages and Benefits
B3: 2. PERSONNEL SALARIES & FRINGE BENEFITS
B4: Personnel | E4: Total Funds for the Project (Annual) | I4: Total Funds for the Project (3 Year Period)
B5: Position Title | C5: Purpose of Position | D5: % of Time | E5: Salary | F5: Wages (Includes Stipends and Differential Pay) | G5: Fringe | H5: FY 22 Totals | I5: Salary | J5: Wages (Includes Stipends and Differential Pay) | K5: Fringe | L5: Totals
E6: 0 | F6: 0 | G6: =E6*7.65% -> 0 | H6: =SUM(E6:G6) -> 0 | I6: =E6*3 -> 0 | J6: =0 -> 0 | K6: =I6*7.65% -> 0 | L6: =SUM(I6:K6) -> 0
B21: Subtotals | E21: =SUM(E6:E20) -> 0 | F21: =SUM(F6:F20) -> 0 | G21: =SUM(G6:G20) -> 0 | H21: =SUM(H6:H20) -> 0 | I21: =SUM(I6:I20) -> 0 | J21: =SUM(J6:J20) -> 0 | K21: =SUM(K6:K20) -> 0 | L21: =SUM(L6:L20) -> 0
B22: Grand Total | K22: =SUM(L6:L20) -> 0
B23: * Please note that the columns G, H, I, K, and L perform automated calculations. Do not delete. However, if the position is solely for one or two years, the formula must be adjusted.

Sheet 3. Travel
B3: 3. TRAVEL
B4: Travel Activity | C4: Purpose of Travel Activity | D4: Number of Traveler(s) | E4: Airfare | F4: Hotel | G4: Per-Diem | H4: Local Travel (Ground transportation) | I4: Registration | J4: Total Funds
B26: Travel Subtotals | J26: =SUM(J5:J25) -> 0
B28: Provide an itemized budget breakdown of travel costs (airfare, hotel, per diem, local travel, conference fees, number of travelers and the number of days for each traveler).

Sheet 4. Equipment
B3: 4. EQUIPMENT
B4: Equipment Type | C4: Purpose of Equipment | D4: Itemized Budget – Machinery/Equipment, Information Technology Equipment, Computer Hardware, Computer | E4: Total Funds
D26: Equipment Subtotals | E26: =SUM(E5:E25) -> 0
B28: Equipment is defined as tangible personal property (including information technology systems) having a useful life of more than one year and a per-
B29: unit acquisition cost which equals or exceeds the lesser of the capitalization level established by the non-Federal entity for financial statement purposes, or
B30: $5,000. 2 CFR 200.33

Sheet 5. Supplies
B3: 5. SUPPLIES
B4: Supply Type | C4: Itemized Budget – Office Supplies, Repair and Maintenance Supplies, Small Tools and Equipment (e.g.,computers, cameras, instructional materials) | D4: Total Funds
B21: Supply Subtotals | D21: =SUM(D5:D20) -> 0
B23: Supplies is defined as tangible personal property other than those described in 2 CFR 200.33 (Equipment). A computing device is a supply if the acquisition cost is less than the lesser of the capitalization level established by the non-Federal entity for financial statement purposes or $5,000, regardless of the length of its useful life. 2 CFR 200.94

Sheet 6. Contractual
B3: 6. CONTRACTUAL – (PURCHASED SERVICES)
B4: Contractual Product or Service | C4: Purpose of Product or Service | D4: Itemized Budget – Contractual/Professional Services; Communication Services; Advertising and Promotion; Printing and Binding; Training/Professional Development, Etc. | E4: Total Funds
B26: Contractual Subtotals | E26: =SUM(E5:E25) -> 0

Sheet 7. Other Direct Costs 
B3: 7. OTHER DIRECT COSTS
B4: Other Direct Cost Items | C4: Purpose of Direct Cost Item | D4: Itemized Budget – Space Rental, Required Fee, Honoraria and Travel (where a contract is not in place for services),Training, and Communication and Printing Costs, Etc. | E4: Total Funds
B22: Other Subtotals | E22: =SUM(E5:E21) -> 0
